 Dungeon Sprint DCSS version 0.30-a0-279-g4b46babb21 (webtiles) character file.

Game seed: 3873473585523770240

61541 rocky1 the Malleable (level 13, -39/97 HPs)
             Began as an Octopode Transmuter on Oct 17, 2022.
             Was the Champion of Sif Muna.
             Annihilated by an azure jelly (43 damage)
             ... in the Dungeon (Sprint III: "The Ten Rune Challenge").
             The game lasted 00:40:53 (7745 turns).

rocky1 the Malleable (Octopode Transmuter)          Turns: 7745, Time: 00:40:54

Health: -39/97     AC:  1    Str:  9    XL:     13   Next: 71%
Magic:  19/29      EV: 17    Int: 23    God:    Sif Muna [******]
Gold:   28         SH:  0    Dex: 14    Spells: 2/36 levels left

rFire   . . .      SeeInvis .      - Unarmed
rCold   . . .      Faith    .    (shield currently unavailable)
rNeg    . . .      Spirit   .    x - +0 hat
rPois   .          Reflect  .    (no amulet)
rElec   .          Harm     .    g - ring "Punuza Fieb" {Int+4 Slay+4}
rCorr   +          Rampage  .    s - ring of resist corrosion
Will    .....      NoTele   +    (no ring)
Stlth   ++++++....               (no ring)
HPRegen 0.36/turn                (no ring)
MPRegen 0.21/turn                (no ring)
                                 (no ring)
                                 (no ring)

@: blade tentacles
A: almost no armour, amphibious, 8 rings, camouflage 1, gelatinous body 1,
nimble swimmer 1, tentacles
}: 2/10 runes: serpentine, barnacled
a: End Transformation, Renounce Religion, Channel Magic, Forget Spell, Divine
Exegesis


You were in the Dungeon.
You worshipped Sif Muna.
Sif Muna was exalted by your worship.
You had blades for main tentacles.
You visited 1 branch You collected 1869 gold pieces.
You spent 1841 gold pieces at shops.

Inventory:

Missiles
 r - 5 javelins
Armour
 x - a +0 hat (worn)
Jewellery
 g - the ring "Punuza Fieb" (left blade tentacle) {Int+4 Slay+4}
   (You bought it in a shop in the Dungeon)

   [ring of slaying]

   Int:       It affects your intelligence (+4).
   Slay:      It affects your accuracy & damage with ranged weapons and melee
   (+4).
 s - a ring of resist corrosion (right blade tentacle)
Wands
 n - a wand of flame (25)
 p - a wand of charming (12)
Scrolls
 f - a scroll of enchant armour
 h - a scroll of torment {unknown}
 k - a scroll of poison {unknown}
 l - a scroll of fog {unknown}
 m - a scroll of silence
Potions
 a - 3 potions of lignification
 b - a potion of curing
 c - 6 potions of mutation
 d - 2 potions of haste
 e - 2 potions of magic
 i - 2 potions of ambrosia {unknown}
 j - 3 potions of flight
 q - 2 potions of attraction
 t - a potion of heal wounds
 u - a potion of brilliance {unknown}
 w - a potion of cancellation {unknown}
Miscellaneous
 o - a condenser vane


   Skills:
 + Level 12.0 Fighting
 - Level 9.0 Dodging
 - Level 9.6 Stealth
 + Level 18.0 Unarmed Combat
 + Level 12.4 Spellcasting
 + Level 21.1 Transmutations
 - Level 2.2 Ice Magic
 + Level 1.5 Air Magic
 - Level 5.7 Poison Magic
 - Level 7.3 Invocations
 - Level 10.5 Evocations


You had 2 spell levels left.
You knew the following spells:

 Your Spells              Type           Power      Damage    Failure   Level
a - Beastly Appendage     Tmut           100%       N/A       3%          1
b - Wereblood             Tmut           84%        N/A       3%          2
c - Spider Form           Tmut/Pois      66%        N/A       6%          3
d - Ice Form              Ice/Tmut       61%        N/A       11%         4
e - Freezing Cloud        Conj/Ice/Air   10%        6-21      91%         5
f - Dragon Form           Tmut           42%        N/A       13%         7
g - Blade Hands           Tmut           42%        N/A       4%          5
h - Storm Form            Tmut/Air       30%        N/A       77%         7

Your spell library contained the following spells:

 Spells                   Type           Power      Damage    Failure   Level
 Sting                    Tmut/Pois      100%       1d8       4%          1
 Passwall                 Tmut/Erth      48%        N/A       7%          2
 Shock                    Conj/Air       68%        1d7       26%         1
 Foxfire                  Conj/Fire      56%        2x1d6     30%         1
 Magic Dart               Conj           56%        1d5       30%         1
 Ensorcelled Hibernation  Hex/Ice        38%        N/A       30%         2
 Static Discharge         Conj/Air       34%        2-4/arc   32%         2
 Call Imp                 Summ           14%        N/A       38%         2
 Momentum Strike          Conj/Tloc      28%        3d8       38%         2
 Scorch                   Fire           28%        2d6       38%         2
 Searing Ray              Conj           28%        2d5       38%         2
 Sublimation of Blood     Necr           14%        N/A       38%         2
 Ignite Poison            Fire/Tmut/Pois 53%        N/A       11%         3
 Petrify                  Tmut/Erth      58%        N/A       12%         4
 Alistair's Intoxication  Tmut/Pois      44%        N/A       12%         5
 Irradiate                Conj/Tmut      29%        3d21      19%         5
 Yara's Violent Unravell  Hex/Tmut       29%        3d12      19%         5
 Eringya's Noxious Bog    Tmut/Pois      33%        N/A       24%         6
 Olgreb's Toxic Radiance  Pois           40%        N/A       30%         4
 Mephitic Cloud           Conj/Pois/Air  25%        N/A       32%         3
 Swiftness                Air            21%        N/A       38%         3
 Hailstorm                Conj/Ice       19%        3d6       43%         3
 Statue Form              Tmut/Erth      38%        N/A       43%         6
 Kindle Blastsparks       Fire/Tloc/Air  32%        2d12      47%         3
 Gell's Gravitas          Tloc           14%        N/A       52%         3
 Inner Flame              Hex/Fire       14%        N/A       52%         3
 Lesser Beckoning         Tloc           28%        N/A       52%         3
 Stone Arrow              Conj/Erth      28%        3d8       52%         3
 Teleport Other           Tloc           14%        N/A       52%         3
 Airstrike                Air            10%        2d(2-18)  65%         4
 Anguish                  Hex/Necr       7%         N/A       82%         4
 Animate Dead             Necr           14%        N/A       82%         4
 Cause Fear               Hex            7%         N/A       82%         4
 Flame Wave               Conj/Fire      14%        2d6       82%         4
 Iskenderun's Mystic Bla  Conj/Tloc      14%        2d5       82%         4
 Leda's Liquefaction      Hex/Erth       7%         N/A       82%         4
 Manifold Assault         Tloc           14%        N/A       82%         4
 Arcjolt                  Conj/Air       8%         1d18      94%         5
 Silence                  Hex/Air        8%         N/A       94%         5
 Fireball                 Conj/Fire      7%         3d5       97%         5
 Iskenderun's Battlesphe  Conj           14%        2d7       97%         5
 Summon Forest            Summ/Tloc      7%         N/A       97%         5
 Dispersal                Tloc           7%         N/A       100%        6
 Iron Shot                Conj/Erth      7%         9d2       100%        6
 Starburst                Conj/Fire      7%         6d4       100%        6
 Ozocubu's Refrigeration  Ice            12%        4d10      100%        7
 Spellforged Servitor     Conj/Summ      7%         N/A       100%        7
 Borgnjor's Revivificati  Necr           7%         N/A       100%        8
 Ignition                 Fire           7%         3d4       100%        8
 Lehudib's Crystal Spear  Conj/Erth      7%         10d3      100%        8
 Necromutation            Tmut/Necr      29%        N/A       100%        8
 Chain Lightning          Conj/Air       8%         3d11      100%        9
 Death's Door             Necr           7%         N/A       100%        9
 Dragon's Call            Summ           7%         N/A       100%        9
 Fire Storm               Conj/Fire      7%         8d2       100%        9
 Animate Armour           Summ/Erth      Unusable   N/A       N/A         4

Dungeon Overview and Level Annotations

Branches:
Dungeon (1/1)

Altars:
Cheibriados
Dithmenos
Elyvilon
Fedhas
Gozag
Hepliaklqana
Kikubaaqudgha
Makhleb
Nemelex Xobeh
Okawaru
Qazlal
Ru
Sif Muna
Trog
Uskayaw
Vehumet
Wu Jian
Xom
Yredelemnul
Zin
The Shining One
Jiyva
Lugonu

Shops:
D (?=!=(!

Annotations:
D Donald, Frances


Innate Abilities, Weirdness & Mutations

You have blades for main tentacles.
Your spellcasting is less reliable in this form.
You are incapable of wielding weapons or throwing items.
You cannot wear most types of armour.
You are amphibious.
You can wear up to eight rings at the same time.
Your skin changes colour to match your surroundings (Stealth+).
Your rubbery body absorbs attacks. (AC +1, EV +1)
You are camouflaged when in or above water. (Stealth+)
You have tentacles for arms and can constrict up to eight enemies at once.


Message History

The azure jelly hits you. The azure jelly freezes you!!!
You feel a terrible chill! The azure jelly barely misses you.
The azure jelly hits you but does no damage.
The azure jelly hits you!
Unknown command.
Blink to where?
Press: ? - help, Dir - move target
As you read the scroll of blinking, it crumbles to dust.
You reach down and close the door.
You start resting.
You hear a slurping noise.
The azure jelly eats the door!
There are monsters nearby!
You bite the azure jelly!!
You kill the azure jelly!
Sif Muna accepts your kill.
Your Fighting skill increases to level 12!
Your Unarmed Combat skill increases to level 18!
Your Air Magic skill increases to level 1!
Unknown command.
Casting: Dragon Form (mildly dangerous; 1% risk of failure)
Confirm with . or Enter, or press ? or * to list all spells.
Your transformation has ended.
Your +0 hat unmelds from your body.
Your main tentacles turn into razor-sharp scythe blades.
Floosh!
The azure jelly closely misses you. The azure jelly hits you.
The azure jelly freezes you!!
* * * LOW HITPOINT WARNING * * *
The azure jelly hits you but does no damage.
The azure jelly misses you.
Unknown command.
Okay, then.
Okay, then.
You feel much better. The azure jelly hits you. The azure jelly freezes you!!
* * * LOW HITPOINT WARNING * * *
The azure jelly hits you.
* * * LOW HITPOINT WARNING * * *
The azure jelly freezes you!!!
You die...

▓.....#.~~~.......#+###__#
▓'#####...........#)).#__#
▓....))...........#___#__'
▓▓▓▓▓▓▓▓▓▓▓▓▓▓▓▓▓▓▓▓▓▓▓▓▓▓
▓...+.≈≈~~~≈~~♣♣.....♣♣♣♣
▓...#~≈~§§§~≈~♣♣.≈≈≈≈'♣♣'
▓...#.~§§§§§.~~'.....#.~♣
▓...#≈≈§§§§~~≈♣♣♣♣♣♣♣#..♣
▓.††#≈§§@~~~~~♣ ###'
▓##'####J#######♣ ♣♣♣♣.
▓.§J...J..).....♣♣ ♣...#
▓#J#############'♣ ♣♣.##
J.J#~...........♣ ♣..#
▓...+~~...########♣♣ ♣♣.#
▓...#~~~...........♣ ♣♣.#
▓...#~~~~..........♣ ♣...
#+#############'#########


You could see 2 azure jellies.

Vanquished Creatures
  Rupert (D)
  A kraken (D)
  Gastronok (D)
  A nagaraja (D)
  An azure jelly (D)
  2 ghost moths (D)
  2 dire elephants (D)
  Josephine (D)
  2 hydras (D)
  2 alligator snapping turtles (D)
  A centaur warrior (D)
  4 death yaks (D)
  A naga warrior (D)
  5 anacondas (D)
  Urug (D)
  An orc high priest (D)
  A death drake (D)
  A spriggan druid (D)
  An orc knight (D)
  A lindwurm (D)
  An orc sorcerer (D)
  A deep elf pyromancer (D)
  2 elephants (D)
  6 black mambas (D)
  A guardian serpent (D)
  2 cane toads (D)
  A rime drake (D)
  An unseen horror (D)
  A komodo dragon (D)
  A queen bee (D)
  2 tyrant leeches (D)
  8 blink frogs (D)
  A hornet (D)
  4 snapping turtles (D)
  3 wandering mushrooms (D)
  A shadow (D)
  2 spriggans (D)
  3 redbacks (D)
  A spatial vortex (D)
  2 nagas (D)
  A hydra simulacrum (D)
  4 water moccasins (D)
  A fire dragon simulacrum (D)
  A swamp drake (D)
  4 orc warriors (D)
  2 centaurs (D)
  An earth elemental (D)
  A necrophage (D)
  A water elemental (D)
  32 killer bees (D)
  An electric eel (D)
  A jelly (D)
  2 orc priests (D)
  A wizard (D)
  A necromancer (D)
  2 orc wizards (D)
  A polar bear simulacrum (D)
  A wolf simulacrum (D)
  3 humans (D)
  A kobold demonologist (D)
  4 adders (D)
  A phantom (D)
  7 orcs (D)
  An endoplasm (D)
  3 rats (D)
  A ballistomycete spore (D)
  5 tentacles (D)
159 creatures vanquished.

Vanquished Creatures (others)
  An orc priest (D)
  3 ballistomycete spores (D)
  A fungus (D)
  49 plants (D)
  11 tentacles (D)
65 creatures vanquished.

Grand Total: 224 creatures vanquished

Notes
Turn   | Place    | Note
-------+----------+-------------------------------------------
     0 | D        | rocky1 the Octopode Transmuter began the quest for the Orb.
     0 | D        | Reached XP level 1. HP: 13/13 MP: 3/3
   103 | D        | Reached XP level 2. HP: 17/18 MP: 2/5
   113 | D        | Reached skill level 5 in Unarmed Combat
   113 | D        | Reached XP level 3. HP: 9/23 MP: 3/7
   311 | D        | Learned a level 2 spell: Wereblood
   315 | D        | Learned a level 3 spell: Spider Form
   318 | D        | Noticed a water elemental
   326 | D        | Killed a water elemental
   327 | D        | Reached skill level 3 in Transmutations
   327 | D        | Reached XP level 4. HP: 29/29 MP: 6/9
   460 | D        | Found a radiant altar of Vehumet.
   460 | D        | Found a shimmering blue altar of Sif Muna.
   460 | D        | Found an ancient bone altar of Kikubaaqudgha.
   460 | D        | Noticed a wizard
   464 | D        | Killed a wizard
   468 | D        | Reached skill level 1 in Stealth
   468 | D        | Reached XP level 5. HP: 28/34 MP: 7/11
   506 | D        | Became a worshipper of Sif Muna the Loreminder
   550 | D        | Found a glowing silver altar of Zin.
   550 | D        | Found a glowing golden altar of the Shining One.
   550 | D        | Found a white marble altar of Elyvilon.
   551 | D        | Noticed a deep elf pyromancer
   554 | D        | Noticed a fire elemental
   554 | D        | Noticed a fire elemental
   559 | D        | Killed a deep elf pyromancer
   560 | D        | Reached skill level 5 in Dodging
   560 | D        | Reached skill level 10 in Unarmed Combat
   560 | D        | Reached skill level 5 in Transmutations
   560 | D        | Reached XP level 6. HP: 12/42 MP: 8/15
   560 | D        | Reached XP level 7. HP: 13/46 MP: 8/16
   710 | D        | Learned a level 4 spell: Ice Form
   712 | D        | Found a hide-covered altar of Uskayaw.
   712 | D        | Found an iron altar of Okawaru.
   712 | D        | Found a bloodstained altar of Trog.
   712 | D        | Found an ornate altar of the Wu Jian Council.
   712 | D        | Noticed a human
   712 | D        | Noticed a human
   725 | D        | Killed a human
   726 | D        | Reached skill level 6 in Transmutations
   730 | D        | Killed a human
   730 | D        | Reached * piety under Sif Muna
   764 | D        | Found a basalt altar of Yredelemnul.
   764 | D        | Found a shadowy altar of Dithmenos.
   764 | D        | Found a sacrificial altar of Ru.
   769 | D        | Reached XP level 8. HP: 42/54 MP: 15/18
   814 | D        | Noticed a shadow
   816 | D        | Killed a shadow
   816 | D        | Reached ** piety under Sif Muna
   817 | D        | Reached skill level 5 in Stealth
   824 | D        | Found a blossoming altar of Fedhas.
   824 | D        | Found a stormy altar of Qazlal.
   824 | D        | Found a snail-covered altar of Cheibriados.
   824 | D        | Found a burning altar of Makhleb.
   824 | D        | Found a shimmering altar of Xom.
   825 | D        | Found a hazy altar of Hepliaklqana.
   825 | D        | Found an opulent altar of Gozag.
   825 | D        | Found a sparkling altar of Nemelex Xobeh.
   825 | D        | Found a corrupted altar of Lugonu.
   825 | D        | Found a viscous altar of Jiyva.
   976 | D        | Noticed Josephine
   988 | D        | Killed Josephine
   989 | D        | Reached skill level 7 in Transmutations
   989 | D        | Reached skill level 1 in Ice Magic
   989 | D        | Reached XP level 9. HP: 38/58 MP: 17/20
  1076 | D        | Reached *** piety under Sif Muna
  1157 | D        | Noticed a centaur warrior
  1160 | D        | Killed a centaur warrior
  1161 | D        | Reached skill level 5 in Poison Magic
  1165 | D        | Reached skill level 5 in Evocations
  1349 | D        | Found Xuogaat's Distillery.
  1367 | D        | Noticed an orc high priest
  1367 | D        | Noticed an orc knight
  1367 | D        | Noticed an orc sorcerer
  1377 | D        | Reached **** piety under Sif Muna
  1418 | D        | Reached skill level 8 in Transmutations
  1563 | D        | Reached ***** piety under Sif Muna
  1583 | D        | Killed an orc knight
  1584 | D        | Reached skill level 15 in Unarmed Combat
  1584 | D        | Reached XP level 10. HP: 64/64 MP: 16/22
  1588 | D        | Killed an orc high priest
  1588 | D        | Received a gift from Sif Muna
  1594 | D        | Got Rakheik's Spellbook of the Volcanoes {god gift}
  1758 | D        | Received a gift from Sif Muna
  1761 | D        | Got Zusytwuc's Papyrus of Outbursts and Darkness {god gift}
  1807 | D        | Killed an orc sorcerer
  1814 | D        | Bought a potion of lignification for 36 gold pieces
  1814 | D        | Bought a potion of mutation for 96 gold pieces
  1814 | D        | Bought a potion of curing for 36 gold pieces
  1814 | D        | Bought a potion of heal wounds for 60 gold pieces
  1814 | D        | Bought a potion of haste for 120 gold pieces
  1814 | D        | Bought a potion of curing for 36 gold pieces
  1814 | D        | Bought a potion of might for 48 gold pieces
  1814 | D        | Bought a potion of haste for 120 gold pieces
  1888 | D        | Killed an unseen horror
  2038 | D        | Learned a level 5 spell: Freezing Cloud
  2113 | D        | Reached skill level 5 in Fighting
  2403 | D        | Noticed Donald
  2403 | D        | Noticed Frances
  2425 | D        | Noticed a cane toad
  2425 | D        | Noticed a cane toad
  2432 | D        | Killed a cane toad
  2433 | D        | Reached skill level 1 in Invocations
  2434 | D        | Killed a cane toad
  2436 | D        | Received a gift from Sif Muna
  2437 | D        | Got Sif Muna's Papyrus of Attacks {god gift}
  2672 | D        | Reached XP level 11. HP: 29/77 MP: 19/23
  3024 | D        | Noticed a lindwurm
  3032 | D        | Killed a lindwurm
  3324 | D        | Reached skill level 5 in Invocations
  3324 | D        | Noticed Urug
  3326 | D        | Killed Urug
  3360 | D        | Received a gift from Sif Muna
  3366 | D        | Reached skill level 10 in Fighting
  3369 | D        | Got Sif Muna's Discursus on the Harmful Blaze {god gift}
  3387 | D        | Reached skill level 10 in Evocations
  3391 | D        | Reached ****** piety under Sif Muna
  3652 | D        | Noticed a five-headed hydra
  3660 | D        | Killed a five-headed hydra
  4029 | D        | Received a gift from Sif Muna
  4038 | D        | Received a gift from Sif Muna
  4058 | D        | Received a gift from Sif Muna
  4076 | D        | Received a gift from Sif Muna
  4088 | D        | Got Sif Muna's Compendium of Reshaped Envenoming {god gift}
  4088 | D        | Got Sif Muna's Verses on the Lithosphere and Blasphemous
                  | Arts {god gift}
  4101 | D        | Learned a level 7 spell: Dragon Form
  4108 | D        | Learned a level 5 spell: Blade Hands
  4167 | D        | Noticed a five-headed hydra
  4174 | D        | Killed a five-headed hydra
  4175 | D        | Reached skill level 9 in Transmutations
  4441 | D        | Noticed a death drake
  4451 | D        | Killed a death drake
  4452 | D        | Reached skill level 10 in Transmutations
  4817 | D        | Received a gift from Sif Muna
  4827 | D        | Reached skill level 11 in Transmutations
  4831 | D        | Noticed an anaconda
  4832 | D        | Noticed an anaconda
  4832 | D        | Noticed an anaconda
  4835 | D        | Killed an anaconda
  4836 | D        | Reached XP level 12. HP: 71/91 MP: 24/24
  4841 | D        | Reached skill level 12 in Transmutations
  4841 | D        | Got Sif Muna's Encyclopedia of Evolution {god gift}
  5083 | D        | Killed an anaconda
  5085 | D        | Killed an anaconda
  5085 | D        | Received a gift from Sif Muna
  5086 | D        | Reached skill level 13 in Transmutations
  5089 | D        | Reached skill level 14 in Transmutations
  5458 | D        | Got Sif Muna's Tome of Orientation and Outbursts {god gift}
  5507 | D        | Noticed an anaconda
  5511 | D        | Killed an anaconda
  5512 | D        | Noticed an anaconda
  5514 | D        | Killed an anaconda
  5515 | D        | Reached skill level 15 in Transmutations
  5529 | D        | Noticed a naga warrior
  5529 | D        | Noticed a nagaraja
  5533 | D        | Found Withieti's Distillery.
  5533 | D        | Found Yneantua's Jewellery Shoppe.
  5538 | D        | Killed a naga warrior
  5542 | D        | Reached skill level 16 in Transmutations
  5544 | D        | Killed a nagaraja
  5544 | D        | Received a gift from Sif Muna
  5547 | D        | Got Sif Muna's Papyrus of Permutations {god gift}
  5549 | D        | Found Xaptob's Antique Weapon Boutique.
  5565 | D        | Reached skill level 17 in Transmutations
  5567 | D        | Got a serpentine rune of Zot
  5580 | D        | Bought the ring "Punuza Fieb" {Int+4 Slay+4} for 1214 gold
                  | pieces
  5633 | D        | Found a blossoming altar of Fedhas.
  5649 | D        | Noticed a death yak
  5655 | D        | Killed a death yak
  6003 | D        | Noticed a dire elephant
  6010 | D        | Killed a ghost moth
  6011 | D        | Reached skill level 18 in Transmutations
  6012 | D        | Killed a dire elephant
  6012 | D        | Received a gift from Sif Muna
  6013 | D        | Got Sif Muna's Directory of the Swarm and Metamorphosis
                  | {god gift}
  6013 | D        | Noticed a death yak
  6017 | D        | Killed a ghost moth
  6018 | D        | Reached skill level 10 in Spellcasting
  6018 | D        | Reached XP level 13. HP: 56/96 MP: 1/27
  6248 | D        | Received a gift from Sif Muna
  6480 | D        | Got Sybiod's Almanac of Hypothermia and the Zephyr {god
                  | gift}
  6532 | D        | Noticed Rupert
  6535 | D        | Paralysed by Rupert for 2 turns
  6544 | D        | Killed Rupert
  6545 | D        | Reached skill level 19 in Transmutations
  6684 | D        | Noticed an azure jelly
  6684 | D        | Noticed an azure jelly
  6686 | D        | Noticed an azure jelly
  6686 | D        | Noticed an azure jelly
  6737 | D        | Learned a level 7 spell: Storm Form
  6741 | D        | Noticed a kraken
  6756 | D        | Received a gift from Sif Muna
  6757 | D        | Got Huun Secret's Quarto of the Whammy and the Figure {god
                  | gift}
  6880 | D        | Killed a kraken
  6881 | D        | Reached skill level 20 in Transmutations
  7003 | D        | Found Azepp's Antique Weapon Shoppe.
  7003 | D        | Found Roadiufe's Magic Scroll Boutique.
  7003 | D        | Found Erupledo's Jewellery Shop.
  7029 | D        | Got a barnacled rune of Zot
  7383 | D        | Bought a scroll of blinking for 75 gold pieces
  7615 | D        | Noticed a dire elephant
  7615 | D        | Noticed Gastronok
  7621 | D        | Killed a dire elephant
  7629 | D        | Killed Gastronok
  7629 | D        | Received a gift from Sif Muna
  7637 | D        | Reached skill level 21 in Transmutations
  7643 | D        | Got Sif Muna's Cyclopedia of Altered Fire {god gift}
  7743 | D        | Killed an azure jelly
  7744 | D        | Reached skill level 1 in Air Magic
  7745 | D        | HP: 4/97 [azure jelly (4)]
  7745 | D        | Annihilated by an azure jelly

Illustrated notes

Levels and vault maps discovered:
D:        dungeon_sprint_mu [sprint_mu_entry_forest, sprint_mu_temple_rooms,
          sprint_mu_d1_horrors, sprint_mu_d2_genie, sprint_mu_d3_branching,
          sprint_mu_orc_legion, sprint_mu_elf_gauntlet, sprint_mu_hive_nellie,
          sprint_mu_lair_fedhas, sprint_mu_vaults_butterflies,
          sprint_mu_slime_circle, sprint_mu_shoals_kraken,
          sprint_mu_snake_twists, sprint_mu_blade_basic, sprint_mu_crypt_lich,
          sprint_mu_tomb_spiral, sprint_mu_vestibule_basic,
          sprint_mu_gehenna_hellfire, sprint_mu_dis_giant,
          sprint_mu_tartarus_statrot, sprint_mu_cocytus_islands, sprint_mu_zot1]

Skill      XL: |  1  2  3  4  5  6  7  8  9 10 11 12 13 |
---------------+----------------------------------------+-----
Unarmed Combat | 4 5 6 7 10 11 13 15 16 18 | 18.0
Spellcasting   | 3 4 6 7 8 10 12 | 12.4
Dodging        | 3 4 5 6 7 8 9 |  9.0
Transmutations | 3 5 6 7 8 11 18 21 | 21.1
Fighting       | 2 3 4 8 11 12 | 12.0
Stealth        | 1 4 6 7 9 |  9.6
Poison Magic   | 2 3 4 5 |  5.7
Ice Magic      | 1 2 |  2.2
Evocations     | 3 5 8 10 | 10.5
Invocations    | 4 7 |  7.3
Air Magic      | 1 |  1.5

Action                   |  1- 3 |  4- 6 |  7- 9 | 10-12 | 13-15 || total
-------------------------+-------+-------+-------+-------+-------++-------
Melee: Unarmed           |    28 |    10 |    83 |   245 |    91 ||   457
       Kick              |    10 |       |       |       |       ||    10
       Constrict         |     3 |       |       |     2 |       ||     5
       Tentacles         |     3 |       |       |     4 |       ||     7
       Punch             |     2 |       |       |     6 |    13 ||    21
       Bite              |       |       |       |     9 |    12 ||    21
       Tailslap          |       |       |       |     4 |    19 ||    23
 Cast: Beastly Appendage |     4 |       |       |     1 |       ||     5
       Spider Form       |       |     2 |     7 |     7 |     1 ||    17
       Ice Form          |       |       |     3 |    18 |     2 ||    23
       Wereblood         |       |       |       |     2 |       ||     2
       Dragon Form       |       |       |       |     4 |     8 ||    12
       Blade Hands       |       |       |       |       |     2 ||     2
Invok: Divine Exegesis   |       |       |       |     1 |       ||     1
 Abil: Breathe Fire      |       |       |       |     2 |     1 ||     3
Evoke: Condenser vane    |       |       |       |     1 |     1 ||     2
  Use: Potion            |     2 |       |     1 |     8 |     2 ||    13
       Scroll            |       |       |       |     1 |     4 ||     5
 Stab: Sleeping          |     1 |     1 |     2 |    10 |     2 ||    16
       Distracted        |       |       |     1 |     1 |       ||     2
Armor: Skin              |       |       |     8 |    53 |    28 ||    89
Dodge: Dodged            |     9 |     2 |    64 |   125 |    37 ||   237

Table legend: (Time is in decaauts)
 A = Elapsed time spent in this place.
 B = Non-inter-level travel time spent in this place.
 C = Inter-level travel time spent in this place.
 D = Time resting spent in this place.
 E = Time spent auto-exploring this place.
 F = Levels seen in this place.
 G = Mean time per level.
                   A        B        C        D        E       F      G
               +--------+--------+--------+--------+--------+-----+--------+
         Total |   7586 |   7375 |    211 |   5517 |     42 |   1 | 7586.0 |
       Dungeon |   7586 |   7375 |    211 |   5517 |     42 |   1 | 7586.0 |
               +--------+--------+--------+--------+--------+-----+--------+

Top non-repeatable levels by time:
       D: 7586 daAuts
